Map: Turbo Cruise '84 LE

Players

MaSa

  • Race: Terran Terran
  • Spawn Location: 7:00

iAsonu - Winner!

  • Race: Zerg Zerg
  • Spawn Location: 3:00

Event: 2019 WCS Summer

VOD

Have the link to the VOD?

Description

Time

  • Played on: July 12, 2019, 2:51 p.m.
  • Length: 13:47

All games in this series

Show
View Real Time Build Order
Export as new Build Order

MaSa Terran 

Build Orders: Reaper Expand 

Get SALT Encoding   

  12  0:00  SCV  
  13  0:12  SCV  
  14  0:17  Supply Depot  
  14  0:24  SCV  
  15  0:38  SCV  
  15  0:40  Barracks  
  16  0:44  Refinery  
  16  0:50  SCV  
  17  1:03  SCV  
  18  1:15  SCV  
  19  1:26  Reaper  
  19  1:27  Orbital Command  
  20  1:40  Command Center  
  20  1:49  Supply Depot  
  20  1:53  SCV  
  21  1:58  Marine  
  22  2:05  SCV  
  23  2:11  Factory  
  23  2:16  Marine  
  23  2:18  SCV  
  25  2:30  SCV  
  25  2:36  Barracks Reactor  
  26  2:42  SCV  
  27  2:48  Command Center  
  27  2:55  SCV  
  28  3:00  Starport  
  28  3:04  Orbital Command  
  28  3:08  Refinery  
  28  3:12  SCV  
  31  3:20  Barracks Tech Lab, Hellion  
  31  3:23  Hellion  
  31  3:25  SCV  
  34  3:31  SCV  
  35  3:36  Viking  
  35  3:38  SCV  
  38  3:43  SCV  
  38  3:44  Hellion  
  41  3:50  SCV  
  41  3:51  Hellion  
  41  3:55  Stimpack  
  44  3:56  SCV  
  45  4:03  Supply Depot  
  45  4:06  SCV  
  45  4:09  SCV  
  49  4:15  Starport Reactor  
  47  4:18  Barracks x2  
  47  4:19  SCV  
  47  4:21  Factory Tech Lab  
  47  4:23  SCV  
  49  4:31  Orbital Command, SCV  
  49  4:32  Marine  
  49  4:35  SCV  
  52  4:40  Engineering Bay  
  52  4:43  Engineering Bay  
  52  4:45  SCV  
  53  4:47  SCV  
  53  4:50  Siege Tank, Marine  
  58  4:57  Refinery x2, SCV  
  59  5:00  SCV x2  
  59  5:05  Supply Depot  
  61  5:09  Marine x2, SCV  
  61  5:12  SCV x2  
  66  5:15  Starport Reactor  
  66  5:17  Marine x2  
  67  5:21  SCV  
  67  5:24  SCV, Terran Infantry Weapons Level 1, Terran Infantry Armor Level 1  
  67  5:25  SCV  
  69  5:31  Supply Depot  
  69  5:34  SCV  
  70  5:36  Marine, Supply Depot  
  70  5:37  Marine  
  70  5:39  SCV  
  70  5:41  Siege Tank  
  77  5:42  SCV  
  77  5:50  Marine  
  77  5:51  SCV  
  77  5:52  Marine  
  77  5:54  SCV, Supply Depot  
  79  5:58  SCV  
  79  5:59  Marine x2  
  79  6:00  Marine, Supply Depot  
  79  6:03  SCV, Medivac  
  86  6:06  Medivac  
  86  6:09  Combat Shield  
  86  6:10  SCV  
  89  6:15  Barracks  
  89  6:17  Barracks  
  89  6:20  Siege Tank  
  89  6:21  Liberator, SCV  
  89  6:22  SCV  
  89  6:25  Marine x3  
  96  6:27  SCV  
  96  6:30  Supply Depot  
  96  6:32  Supply Depot  
  98  6:33  Marine  
  98  6:35  Medivac  
  104  6:43  Marine x2  
  104  6:44  Marine x2  
  104  6:46  SCV  
  109  6:49  Factory  
  109  6:51  Marine  
  109  6:52  Refinery  
  110  7:04  Marine x3  
  110  7:05  Barracks Reactor x2  
  110  7:06  SCV  
  110  7:08  Marine, SCV  
  115  7:09  Marine  
  115  7:11  Medivac  
  114  7:21  Siege Tank, Medivac  
  114  7:22  Marine x3, SCV x3  
  100  7:25  Marine  
  100  7:27  Marine  
  100  7:29  Armory  
  102  7:34  Factory Tech Lab, SCV x3  
  105  7:39  Marine x2  
  105  7:40  Marine  
  105  7:43  Marine x2  
  110  7:45  Marine  
  110  7:46  SCV x3  
  110  7:49  Marine x3, Refinery  
  117  7:55  Siege Tank  
  117  7:57  Marine x3  
  123  7:58  SCV  
  123  8:03  Supply Depot  
  123  8:04  Marine, Supply Depot x2  
  125  8:20  Terran Infantry Armor Level 2  
  125  8:24  Marine x6, SCV  
  125  8:25  Siege Tank  
  129  8:30  Terran Infantry Weapons Level 2, Missile Turret  
  129  8:31  Terran Vehicle Weapons Level 1  
  129  8:33  Marine, Missile Turret x2  
  129  8:46  Thor  
  129  8:47  Marine x6  
  141  8:54  Supply Depot x2  
  141  9:02  Command Center  
  141  9:03  Marine  
  141  9:05  Marine x2  
  141  9:11  Marine x2  
  141  9:12  SCV x2  
  141  9:13  SCV  
  141  9:16  Marine x3  
  147  9:26  Refinery  
  147  9:28  Marine, Missile Turret  
  147  9:29  Marine x5  
  153  9:34  Marine, Medivac  
  153  9:36  Marine x2  
  149  9:43  Siege Tank  
  154  9:46  Thor, Marine  
  154  9:48  Marine x2  
  161  9:52  SCV  
  161  9:53  SCV  
  161  9:55  Medivac  
  159  10:04  Medivac  
  159  10:05  SCV  
  159  10:13  Marine x4  
  163  10:15  SCV  
  163  10:17  SCV  
  163  10:20  Missile Turret  
  163  10:21  Marine x5  
  166  10:22  Siege Tank  
  166  10:27  Medivac  
  174  10:29  Siege Tank  
  174  10:31  Marine  
  178  10:38  Barracks  
  178  10:39  Barracks  
  178  10:40  Barracks  
  178  10:41  Marine  
  178  10:42  Marine x7  
  174  10:44  SCV x3  
  176  10:54  Supply Depot  
  176  10:57  Supply Depot  
  176  11:04  Supply Depot  
  176  11:05  Supply Depot  
  176  11:16  Marine x3  
  176  11:17  Marine x2  
  176  11:18  Siege Tank, Marine x4  
  109  11:33  SCV x2  
  109  11:34  Marine x5  
  109  11:36  Marine  
  110  11:40  Supply Depot  
  110  11:42  SCV  
  110  11:43  Marine x3  
  110  11:45  Siege Tank, SCV x2  
  120  11:54  SCV  
  120  12:02  Marine x2  
  120  12:05  SCV  
  120  12:06  Marine  
  124  12:10  SCV  
  125  12:16  Planetary Fortress  
  107  12:23  Marine x3  
  107  12:25  SCV x2  
  107  12:26  SCV  
  107  12:28  Marine  
  107  12:29  Marine  
  104  12:37  SCV  
  104  12:38  SCV  
  104  12:44  Supply Depot x2  
  106  12:46  Siege Tank  
  106  12:47  Marauder, Marine x2  
  106  12:50  Siege Tank  
  116  12:51  Barracks Tech Lab  
  116  13:05  SCV x2  
  116  13:06  SCV x2  
  116  13:07  Supply Depot  
  116  13:08  Marine, Supply Depot  
  116  13:09  Marauder, Marine  
  116  13:10  Barracks Tech Lab  
  124  13:13  Marine x2  
  124  13:26  Supply Depot  
  124  13:27  Supply Depot  
  124  13:28  Marine x2  
  124  13:29  SCV  
  124  13:30  SCV x3  
  138  13:39  Supply Depot  
  138  13:40  Supply Depot  
  138  13:41  Supply Depot  
  138  13:42  Sensor Tower  
Show
View Real Time Build Order
Export as new Build Order

iAsonu Zerg - Winner!

Build Orders: Hatch First, Muta Ling Bane 

Get SALT Encoding   

  12  0:01  Drone  
  13  0:13  Overlord  
  13  0:18  Drone  
  14  0:32  Drone x2  
  16  0:49  Hatchery  
  15  0:52  Drone  
  15  0:56  Drone  
  17  0:59  Drone  
  18  1:12  Extractor  
  18  1:15  Spawning Pool  
  18  1:18  Drone  
  17  1:22  Drone  
  18  1:30  Drone  
  20  1:40  Drone  
  20  1:51  Drone  
  21  2:01  Queen  
  21  2:02  Queen  
  21  2:03  Zergling x4  
  27  2:17  Hatchery  
  27  2:21  Overlord  
  26  2:24  Drone  
  27  2:32  Metabolic Boost  
  27  2:36  Drone  
  28  2:42  Drone  
  29  2:45  Drone  
  29  2:52  Drone x2, Queen  
  29  2:58  Overlord  
  33  3:02  Drone  
  33  3:05  Drone  
  35  3:16  Drone  
  35  3:19  Drone x2  
  38  3:22  Drone x3  
  38  3:27  Drone  
  42  3:29  Queen  
  42  3:32  Queen  
  46  3:36  Overlord  
  46  3:39  Drone  
  47  3:41  Drone  
  47  3:46  Drone x2  
  50  3:53  Lair  
  50  3:54  Overlord  
  49  3:56  Drone  
  49  3:59  Drone x2  
  52  4:03  Drone  
  52  4:06  Queen  
  52  4:08  Overlord  
  55  4:15  Baneling Nest  
  54  4:17  Queen  
  54  4:20  Drone  
  54  4:23  Overlord  
  57  4:28  Zergling x10  
  57  4:30  Drone  
  63  4:33  Drone x2  
  63  4:35  Drone  
  66  4:39  Drone, Spore Crawler  
  66  4:41  Overlord  
  66  4:44  Drone  
  66  4:45  Drone  
  68  4:46  Drone x2  
  68  4:48  Drone  
  71  4:59  Drone x3  
  73  5:03  Overlord  
  73  5:07  Centrifical Hooks, Extractor x2  
  73  5:09  Evolution Chamber x2  
  69  5:17  Drone x4  
  69  5:20  Overlord  
  73  5:23  Drone  
  73  5:24  Drone x7, Extractor x2  
  79  5:29  Zergling x2  
  79  5:31  Drone  
  81  5:36  Overlord  
  81  5:40  Zerg Melee Weapons Level 1  
  81  5:43  Zergling x10  
  81  5:48  Drone  
  87  5:50  Extractor  
  87  5:54  Drone x3  
  87  5:55  Drone x2  
  91  5:58  Zergling x8  
  91  6:00  Drone  
  96  6:07  Drone  
  96  6:08  Hatchery, Zerg Ground Armor Level 1  
  96  6:14  Overlord, Spire  
  96  6:18  Baneling x5  
  95  6:23  Overlord  
  95  6:24  Overlord  
  95  6:27  Overlord  
  95  6:28  Baneling x2  
  95  6:30  Overlord  
  95  6:34  Zergling x12  
  95  6:38  Zergling x6  
  104  6:43  Zergling x8  
  108  6:49  Zergling x4  
  108  6:51  Baneling  
  108  6:52  Baneling x2  
  111  6:54  Zergling x2  
  109  7:09  Zergling x14  
  110  7:18  Zergling x4  
  110  7:22  Zergling x2  
  108  7:28  Drone x3  
  108  7:29  Drone  
  113  7:30  Drone  
  113  7:31  Drone x9  
  113  7:34  Zerg Flyer Weapons Level 1  
  113  7:35  Zerg Melee Weapons Level 2  
  122  7:40  Overlord  
  122  7:41  Pneumatized Carapace  
  122  7:43  Mutalisk  
  122  7:44  Mutalisk x2  
  122  7:49  Extractor x2  
  126  7:53  Mutalisk x4  
  133  8:00  Drone x8  
  133  8:02  Mutalisk x4  
  133  8:05  Baneling x3  
  149  8:12  Mutalisk  
  151  8:18  Zerg Ground Armor Level 2  
  142  8:27  Mutalisk x2  
  142  8:31  Zergling x10  
  151  8:37  Hatchery, Overlord x2  
  150  8:46  Infestation Pit, Overlord  
  149  8:53  Overlord x3  
  149  8:57  Mutalisk x5  
  160  9:02  Drone  
  160  9:03  Drone x5  
  162  9:16  Zergling x24  
  174  9:24  Baneling x6  
  173  9:26  Hive  
  173  9:32  Zergling x20  
  180  9:40  Baneling x7  
  180  9:45  Zergling x14  
  182  9:59  Zergling x14  
  183  10:13  Zergling x24  
  187  10:19  Baneling x16  
  187  10:22  Zerg Flyer Weapons Level 2  
  187  10:23  Overseer  
  185  10:33  Zergling x22  
  190  10:38  Zergling x12  
  195  10:42  Zergling x2  
  194  10:50  Zergling x8  
  194  10:53  Adrenal Glands  
  194  10:54  Zerg Ground Armor Level 3, Zerg Melee Weapons Level 3  
  198  10:59  Zergling x4, Ultralisk Cavern  
  151  11:28  Zergling x32  
  143  11:38  Zergling x20  
  143  11:39  Baneling x7  
  150  11:46  Chitinous Plating  
  149  11:51  Zergling x2  
  149  11:52  Zergling x20  
  159  11:55  Baneling x15  
  152  12:11  Zergling x18  
  130  12:23  Zergling x32  
  130  12:28  Ultralisk x3  
  151  12:41  Ultralisk  
  151  12:42  Ultralisk x5  
  151  12:43  Baneling  
  151  12:44  Baneling x4  
  187  12:47  Overlord x2  
  187  12:54  Overlord  
  187  13:01  Hatchery, Spore Crawler  
  187  13:03  Overlord  
  181  13:13  Zergling x2  
  181  13:14  Zergling x18  
  181  13:18  Baneling x11  
  188  13:20  Zergling x4  
  188  13:28  Baneling x6  
  188  13:30  Zergling x2  
Tags
 
Add a new tag
Caveats
  • Supply blocks, unpowered buildings, or Contaminate may cause inaccurate times.
  • Supply counts are checked every 10 seconds.